 Dungeon Crawl Stone Soup version 0.24-a0-584-g9d6b971ae4 (webtiles) character file.

Game seed: 12854864027370720427, levelgen mode: deterministic

346 EnegeticOcto the Sneak (level 6, -3/44 HPs)
             Began as a Gnoll Enchanter on Sept 1, 2019.
             Killed by nerve-wracking pain
             ... invoked by an orc priest
              (13 damage)
             ... on level 4 of the Dungeon.
             The game lasted 00:04:01 (3248 turns).

EnegeticOcto the Sneak (Gnoll Enchanter)            Turns: 3248, Time: 00:04:01

Health: -3/44      AC:  2    Str: 10    XL:     6   Next: 59%
Magic:  8/14       EV: 16    Int: 19    God:
Gold:   145        SH:  5    Dex: 19    Spells: 9/15 levels left

rFire    . . .     SeeInvis .   a - +0 dagger (elec)
rCold    . . .     Gourm    +   c - +0 buckler
rNeg     . . .     Faith    .   b - +0 robe
rPois    .         Spirit   .   (no helmet)
rElec    .         Reflect  .   (no cloak)
rCorr    .         Harm     .   (no gloves)
MR       .....                  (no boots)
Stlth    ++++......             t - amulet of the gourmand
HPRegen  0.14/turn              i - +1 ring of evasion
MPRegen  0.14/turn              q - +3 ring of dexterity

@: no status effects
A: distributed training, fangs 1, strong nose
a: no special abilities


You were on level 4 of the Dungeon.
You were not hungry.

You visited 1 branch of the dungeon, and saw 4 of its levels.

You collected 145 gold pieces.

Inventory:

Hand Weapons
 a - a +0 dagger of electrocution (weapon)
 o - a +4 dagger
Missiles
 p - 5 boomerangs (quivered)
 s - 22 poisoned darts
Armour
 b - a +0 robe (worn)
 c - a +0 buckler (worn)
Jewellery
 i - a +1 ring of evasion (left hand)
 q - a +3 ring of dexterity (right hand)
 t - an amulet of the gourmand (around neck)
Scrolls
 d - 2 scrolls of enchant weapon {unknown}
 h - 4 scrolls of remove curse {unknown}
 j - 2 scrolls of teleportation {@r3 !r}
 k - a scroll of random uselessness {unknown}
 n - a scroll of identify {@r1}
Potions
 f - 3 potions of curing {@q1 !q}
 g - 2 potions of mutation
 m - a potion of heal wounds {unknown}
 r - a potion of invisibility {unknown}
Comestibles
 e - 5 rations
 l - 4 chunks of flesh


   Skills:
 + Level 2.0 Fighting
 + Level 3.2 Short Blades
 + Level 2.0 Long Blades
 + Level 2.0 Axes
 + Level 2.0 Maces & Flails
 + Level 2.0 Polearms
 + Level 2.0 Staves
 + Level 2.0 Slings
 + Level 2.0 Bows
 + Level 2.0 Crossbows
 + Level 2.0 Throwing
 + Level 2.0 Armour
 + Level 5.0 Dodging
 + Level 6.3 Stealth
 + Level 2.0 Shields
 + Level 2.0 Unarmed Combat
 + Level 5.4 Spellcasting
 + Level 1.5 Conjurations
 + Level 5.6 Hexes
 + Level 1.5 Charms
 + Level 1.5 Summonings
 + Level 1.5 Necromancy
 + Level 1.5 Translocations
 + Level 1.5 Transmutations
 + Level 1.5 Fire Magic
 + Level 1.5 Ice Magic
 + Level 1.5 Air Magic
 + Level 1.5 Earth Magic
 + Level 1.5 Poison Magic
 + Level 2.2 Invocations
 + Level 2.0 Evocations


You had 9 spell levels left.
You knew the following spells:

 Your Spells              Type           Power        Failure   Level  Hunger
a - Corona                Hex            ####...      1%          1    None
b - Ensorcelled Hibernat  Hex/Ice        ###...       5%          2    None
c - Confuse               Hex            ####....     4%          3    ##.....

Your spell library contained the following spells:

 Spells                   Type           Power        Failure   Level  Hunger
 Tukima's Dance           Hex            ####....     4%          3    ##.....
 Dazzling Spray           Conj/Hex       ###...       11%         3    ##.....


Dungeon Overview and Level Annotations

Branches:
Dungeon (4/15)
 Temple: D:4-7

Altars:
Fedhas
Kikubaaqudgha
Makhleb
Ru
Uskayaw
Xom


Innate Abilities, Weirdness & Mutations

Your experience applies equally to all skills.
You have very sharp teeth.
Your uncanny sense of smell can sniff out nearby items.


Message History

Your Armour skill increases to level 2!
Your Shields skill increases to level 2!
Your Unarmed Combat skill increases to level 2!
Your Evocations skill increases to level 2!
No target in view!
No target in view!
No target in view!
No target in view!
No target in view!
No target in view!
You are feeling hungry.
You see here a howler monkey corpse.
You butcher the howler monkey corpse.
You hear the slow rusting of a drain nearby.
l - 5 chunks of flesh (gained 3)
You see here a howler monkey skeleton.
t - a glowing filigree amulet Put on which piece of jewellery? (? for menu, Esc to quit)
You feel a craving for the dungeon's cuisine.
t - an amulet of the gourmand (around neck)
(D) Dungeon
Where to? (Enter - D:4 @ (x,y), ? - help) Eating one of 5 chunks of flesh.
You eat one of the 5 chunks of flesh.
This raw flesh tastes terrible.
HP restored.
You open the door.
There is an open door here.
You open the door.
An orc comes into view. 3 leopard geckos and a river rat come into view.
The leopard gecko hisses angrily.
The leopard gecko moves out of view.
There is an open door here.
You enter the shallow water.
Moving in this stuff is going to be slow.
The river rat barely misses you.
An orc priest comes into view. It is wielding a +0 war axe.
Your unstable footing causes you to fumble your attack.
The river rat bites you.
Your unstable footing causes you to fumble your attack.
The leopard gecko completely misses you.
The river rat misses you.
Your unstable footing causes you to fumble your attack.
The leopard gecko hisses angrily. x2
You block the leopard gecko's attack. You block the orc priest's attack.
The river rat misses you.
You hit the orc priest but do no damage.
The leopard gecko misses you.
The orc priest mumbles some strange prayers to Beogh against you.
Beogh smites you! The river rat barely misses you.
You hear a shout!
You hit the orc priest.
The orc priest is moderately wounded.
The leopard gecko closely misses you.
An orc comes into view. It is wielding a +0 flail.
The orc priest hits you with a +0 war axe.
The river rat closely misses you.
You hit the orc priest.
The orc priest is heavily wounded.
The leopard gecko closely misses you.
Your unstable footing causes you to fumble your attack.
You block the leopard gecko's attack. The river rat bites you!
An orc comes into view. It is wielding a +0 club.
You block the orc priest's attack. The orc hits you.
The leopard gecko misses you.
You are too injured to fight recklessly!
You are too injured to fight recklessly!
You hit the orc but do no damage. Lightning courses through the orc!
You kill the orc!
The river rat bites you!
* * * LOW HITPOINT WARNING * * *
The orc priest looks encouraged for a moment.
The leopard gecko closely misses you.
There is an open door here.
You see here a +0 ring mail.
Casting: Confuse (safe; 4% risk of failure)
Confirm with . or Enter, or press ? or * to list all spells.
Aiming: Ensorcelled Hibernation (safe; 5% risk of failure)
Press: ? - help, Shift-Dir - straight line, f - river rat
Aim: a river rat (chance to defeat MR: 57%)
The river rat looks drowsy...
The helpless river rat fails to defend itself.
You impale the river rat!!
Lightning courses through the river rat!
You kill the river rat!
Casting: Ensorcelled Hibernation (safe; 5% risk of failure)
Confirm with . or Enter, or press ? or * to list all spells.
Aiming: Ensorcelled Hibernation (safe; 5% risk of failure)
Press: ? - help, Shift-Dir - straight line, f - orc priest
Aim: an orc priest, wielding a +0 war axe (heavily wounded, chance to defeat MR: 49%)
The orc priest resists with some effort.
Casting: Ensorcelled Hibernation (safe; 5% risk of failure)
Confirm with . or Enter, or press ? or * to list all spells.
Aiming: Ensorcelled Hibernation (safe; 5% risk of failure)
Press: ? - help, Shift-Dir - straight line, f/p - orc priest
Aim: an orc priest, wielding a +0 war axe (heavily wounded, chance to defeat MR: 49%)
The orc priest resists with some effort.
The orc priest mumbles some strange prayers to Beogh against you.
Pain shoots through your body!
You die...

*,,,,,,,*,*,,,,,,,,,,,,,,,,,*
**,*****,*,**###,,****,,,,,***
,,,,,***,*,,,,..,,,,,,,,,,,*
**,,,,,*,,**###.,*###,***,,**
,,,,,*,**,*,,..o##≈≈###≈*,,,*
*,,,,+,,,,,,*#.#ll≈≈≈≈+∩*,,,*
*,,,,****,,**#.#≈o≈≈≈≈+≈*,,,*
*,,,,* **,**#.o##l≈###≈*,,,*
*,,,,* *,,*##.@####.##*,***
*,,,** **,**##........,,*
******* *.,* #..######***
,,,,,,* *#.**##.# ,,,,,,*
#..###'##### ,,,,,,*
*#.#.......# ,,,,,,*
#......?..# ,,,,,,*
*####.......?# ,,,,,,*
*............#


You could see an orc priest.

Vanquished Creatures
  A sky beast (D:3)
  A howler monkey (D:4)
  Terence (D:2)
  2 worker ants (D:4)
  5 adders
  A river rat (D:4)
  An ooze (D:2)
  3 worms
  A dart slug (D:1)
  4 leopard geckos
  2 orcs
  4 giant cockroaches
  9 goblins
  5 hobgoblins
  3 quokkas
  11 bats
  5 frilled lizards
  7 kobolds
  9 rats
75 creatures vanquished.

Notes
Turn   | Place    | Note
-------+----------+-------------------------------------------
     0 | D:1      | EnegeticOcto the Gnoll Enchanter began the quest for the
                  | Orb.
     0 | D:1      | Reached XP level 1. HP: 13/13 MP: 6/6
   193 | D:1      | Reached XP level 2. HP: 15/19 MP: 7/7
   712 | D:1      | Reached XP level 3. HP: 25/25 MP: 9/9
   864 | D:1      | Reached skill level 5 in Spellcasting
  1095 | D:1      | Learned a level 2 spell: Ensorcelled Hibernation
  1099 | D:1      | Learned a level 3 spell: Confuse
  1175 | D:2      | Reached skill level 6 in Stealth
  1196 | D:2      | Reached skill level 1 in Invocations
  1372 | D:2      | Reached skill level 1 in Fighting
  1372 | D:2      | Reached skill level 1 in Long Blades
  1372 | D:2      | Reached skill level 1 in Axes
  1372 | D:2      | Reached skill level 1 in Maces & Flails
  1372 | D:2      | Reached skill level 1 in Polearms
  1372 | D:2      | Reached skill level 1 in Staves
  1372 | D:2      | Reached skill level 1 in Slings
  1372 | D:2      | Reached skill level 1 in Bows
  1372 | D:2      | Reached skill level 1 in Crossbows
  1372 | D:2      | Reached skill level 1 in Throwing
  1372 | D:2      | Reached skill level 1 in Armour
  1372 | D:2      | Reached skill level 1 in Shields
  1372 | D:2      | Reached skill level 1 in Unarmed Combat
  1372 | D:2      | Reached skill level 1 in Evocations
  1488 | D:2      | Reached XP level 4. HP: 32/32 MP: 11/11
  1609 | D:2      | Noticed Terence
  1641 | D:2      | Killed Terence
  1641 | D:2      | Reached skill level 1 in Conjurations
  1641 | D:2      | Reached skill level 1 in Charms
  1641 | D:2      | Reached skill level 1 in Summonings
  1641 | D:2      | Reached skill level 1 in Necromancy
  1641 | D:2      | Reached skill level 1 in Translocations
  1641 | D:2      | Reached skill level 1 in Transmutations
  1641 | D:2      | Reached skill level 1 in Fire Magic
  1641 | D:2      | Reached skill level 1 in Ice Magic
  1641 | D:2      | Reached skill level 1 in Air Magic
  1641 | D:2      | Reached skill level 1 in Earth Magic
  1641 | D:2      | Reached skill level 1 in Poison Magic
  2174 | D:3      | Reached XP level 5. HP: 37/37 MP: 12/12
  2565 | D:3      | Noticed a sky beast
  2870 | D:3      | Found an ancient bone altar of Kikubaaqudgha.
  2872 | D:3      | Found a burning altar of Makhleb.
  2873 | D:3      | Found a blossoming altar of Fedhas.
  2875 | D:3      | Found a sacrificial altar of Ru.
  2878 | D:3      | Found a shimmering altar of Xom.
  2879 | D:3      | Found a hide-covered altar of Uskayaw.
  3076 | D:3      | Killed a sky beast
  3076 | D:3      | Reached XP level 6. HP: 44/44 MP: 6/13
  3209 | D:4      | Reached skill level 5 in Dodging
  3248 | D:4      | Killed from afar by an orc priest

Levels and vault maps discovered:
D:1:      evilmike_arrival_rings, layout_loops_ring
D:2:      layout_rooms, uniq_terence
D:3:      layout_basic, minitemple
D:4:      layout_basic, gup_sewer_entry_bowl, first_ration, uniq_eustachio

Skill      XL: |  1  2  3  4  5  6 |
---------------+-------------------+-----
Spellcasting   | 5 |  5.4
Stealth        | 6 |  6.3
Invocations    | 1 2 |  2.2
Fighting       | 1 2 |  2.0
Long Blades    | 1 2 |  2.0
Axes           | 1 2 |  2.0
Maces & Flails | 1 2 |  2.0
Polearms       | 1 2 |  2.0
Staves         | 1 2 |  2.0
Slings         | 1 2 |  2.0
Bows           | 1 2 |  2.0
Crossbows      | 1 2 |  2.0
Throwing       | 1 2 |  2.0
Armour         | 1 2 |  2.0
Shields        | 1 2 |  2.0
Unarmed Combat | 1 2 |  2.0
Evocations     | 1 2 |  2.0
Conjurations   | 1 |  1.5
Charms         | 1 |  1.5
Summonings     | 1 |  1.5
Necromancy     | 1 |  1.5
Translocations | 1 |  1.5
Transmutations | 1 |  1.5
Fire Magic     | 1 |  1.5
Ice Magic      | 1 |  1.5
Air Magic      | 1 |  1.5
Earth Magic    | 1 |  1.5
Poison Magic   | 1 |  1.5
Short Blades   | 3 |  3.2
Dodging        | 5 |  5.0
Hexes          | |  5.6

Action                   |  1- 3 |  4- 6 || total
-------------------------+-------+-------++-------
Melee: Dagger            |   100 |   122 ||   222
       Bite              |     8 |    10 ||    18
 Cast: Ensorcelled Hiber |     1 |    13 ||    14
       Confuse           |       |     2 ||     2
  Use: Scroll            |     3 |     1 ||     4
 Stab: Sleeping          |    18 |    14 ||    32
       Distracted        |     1 |       ||     1
       Confused          |       |     1 ||     1
  Eat: Chunk             |     2 |     6 ||     8
Armor: Robe              |    11 |    18 ||    29
Dodge: Dodged            |    61 |   118 ||   179
Block: Buckler           |     1 |    37 ||    38

Table legend:
 A = Non-vault XP
 B = Vault XP
 C = Vault XP percentage of total XP
 D = Non-vault monster count
 E = Vault monster count
 F = Vault count percentage of total count
                 A         B        C        D         E       F
            +---------+---------+-------+---------+---------+-------
      Total |     446 |      49 |   9.9 |      73 |       2 |   2.7
            +---------+---------+-------+---------+---------+-------
        D:1 |      45 |       0 |   0.0 |      27 |       0 |   0.0
        D:2 |      66 |      36 |  35.3 |      19 |       1 |   5.0
        D:3 |     210 |       0 |   0.0 |      23 |       0 |   0.0
        D:4 |     125 |      13 |   9.4 |       4 |       1 |  20.0
            +---------+---------+-------+---------+---------+-------
